cohdb
Replays
Latest Replays
All Replays
Popular Replays
Top Player Replays
Match Explorer
How It Works
Community
CoH3 Stats
Reddit
Sign in to upload your games and track your stats! →
Sign in with Steam
Match 45553723
Unlisted
Match 45553723
Overview
Messages
Build Orders
End
Scout Squad
Construct Weapon Support Center
Construct Barracks
Riflemen Squad
Riflemen Squad
Construct Medical Station
Riflemen Squad
Air Support Center
M1918 Browning Automatic Rifles
P-47 Strafing Run
Riflemen Squad
HulkSMASH
CAuMOH
Armored Legio
MonikaのPants
0
0
Comments
sign in to comment!
No comments posted yet!